 Dungeon Crawl Stone Soup version 0.20-a0-1116-gaa52201 (webtiles) character file.

4792 mcbry the Grappler (level 10, -12/96 HPs)
             Began as a Troll Monk on May 8, 2017.
             Was a Believer of Qazlal.
             Mangled by a red very ugly thing (19 damage)
             ... on level 7 of the Dungeon.
             The game lasted 00:41:50 (6115 turns).

mcbry the Grappler (Troll Monk)                     Turns: 6115, Time: 00:41:50

Health: -12/96     AC:  8    Str: 21    XL:     10   Next: 24%
Magic:  10/12      EV: 14    Int:  6    God:    Qazlal [**....]
Gold:   331        SH:  2    Dex: 18    Spells: 9/10 levels left

rFire    . . .     SeeInvis .     - Unarmed
rCold    . . .     Gourm    +   (no shield)
rNeg     . . .     Faith    .   a - +1 robe
rPois    .         Spirit   .   (helmet restricted)
rElec    .         Reflect  .   (no cloak)
rCorr    .         Harm     .   (gloves unavailable)
MR       .....                  (boots unavailable)
Stlth    ++........             k - amulet of magic regeneration
Regen    0.7/turn               t - +2 ring of protection
MPRegen  0.2/turn               y - +3 ring of dexterity

@: about to teleport
A: unfitting armour, claws 3, fast metabolism 3, gourmand, regeneration 1,
shaggy fur 1, tough skin 2
a: Upheaval, Renounce Religion


You were on level 7 of the Dungeon.
You worshipped Qazlal.
Qazlal was pleased with you.
You were not hungry.

You visited 1 branch of the dungeon, and saw 7 of its levels.
You also visited: Sewer.

You collected 331 gold pieces.

Inventory:

Missiles
 B - a throwing net (quivered)
Armour
 a - a +1 robe (worn)
Jewellery
 h - an uncursed amulet of faith {unknown}
 k - an amulet of magic regeneration (around neck)
 t - a +2 ring of protection (left claw)
 y - a +3 ring of dexterity (right claw)
Wands
 d - a wand of flame (25/48)
 u - a wand of flame (25/48)
Scrolls
 c - 2 scrolls of remove curse
 f - 3 scrolls of enchant armour
 n - a scroll of immolation
 o - 3 scrolls of magic mapping
 p - 2 scrolls of identify
 s - 3 scrolls of blinking
 v - a scroll of fog
Potions
 j - 2 potions of curing
 w - a potion of haste
 x - a potion of flight
 z - 2 potions of brilliance
 A - a potion of mutation {unknown}
Books
 e - a book of Maledictions

   Spells                             Type                      Level
   a - Corona                         Hexes                        1
   b - Ensorcelled Hibernation        Hexes/Ice                    2
   c - Confuse                        Hexes                        3
   d - Tukima's Dance                 Hexes                        3
   e - Dazzling Spray                 Conjuration/Hexes            3
 q - a book of Air

   Spells                             Type                      Level
   a - Shock                          Conjuration/Air              1
   b - Swiftness                      Charms/Air                   2
   c - Static Discharge               Conjuration/Air              3
   d - Airstrike                      Air                          4
   e - Lightning Bolt                 Conjuration/Air              5
Comestibles
 b - 6 bread rations
 l - 7 fruits
 m - 5 royal jellies
 r - 5 meat rations


   Skills:
 * Level 5.2 Fighting
 + Level 5.8 Dodging
 - Level 1.7 Stealth
 + Level 11.3 Unarmed Combat
 + Level 0.9 Spellcasting
 + Level 0.5 Hexes
 * Level 4.2 Invocations
 + Level 0.3 Evocations


You had 9 spell levels left.
You knew the following spells:

 Your Spells              Type           Power        Failure   Level  Hunger
a - Corona                Hex            #......      36%         1    ##.....


Dungeon Overview and Level Annotations

Branches:
Dungeon (7/15)             Temple (0/1) D:7

Altars:
Fedhas
Hepliaklqana
Kikubaaqudgha
Okawaru
Qazlal
Sif Muna
Yredelemnul


Innate Abilities, Weirdness & Mutations

You are too large for most types of armour.
You have claws for hands.
Your metabolism is lightning-fast.
You like to eat raw meat.
Your natural rate of healing is unusually fast.
You are covered in fur. (AC +1)
You have very tough skin. (AC +2)


Message History

The red very ugly thing engulfs you.
* * * LOW HITPOINT WARNING * * *
You hear a shout!
An ogre comes into view. It is wielding a giant club.
The ogre shouts!
The ogre closely misses you. The red very ugly thing misses you.
The phantom blinks!
You mangle the phantom!!
The phantom is severely damaged.
The phantom hits you!
* * * LOW HITPOINT WARNING * * *
The ogre closely misses you. The red very ugly thing engulfs you!!
* * * LOW HITPOINT WARNING * * *
You scratch the phantom.
The phantom is severely damaged.
The phantom hits you but does no damage.
The ogre barely misses you.
As you read the scroll of teleportation, it crumbles to dust.
You feel strangely unstable. The red very ugly thing engulfs you!!
You die...

##### #...### #.##..### ######
#.##.#..## #....#######
#.##W##÷##### #.##.......#
#.##.#...#..###
#.########.#####.##.#...#.#..##
#..............Ou##.##'##.###.#
#########.######@##.##...####.#
.............# #W##.#######..##
.########.##.# #.##.# ###...##
....)[)....#.# #.#(####.[.#.#
####.#######.# #.#.##...#.#.#
.......#...#.###.##..W#.#.#.#
.......#.#.#.#...#.##...#.#.#
.".....#.#.#.....#.####)..#.#
..######.#.##)#####.♣####...##


You could see a red very ugly thing, a phantom and an ogre.

Vanquished Creatures
  A catoblepas (D:7)
  A centaur warrior (D:7)
  A tengu warrior (D:7)
  The ghost of grindst0ne the Cleaver, a novice MiBe of Trog (D:7)
  2 yaks (D:7)
  The ghost of Wendigo the Pure, an amateur DsAK of Lugonu (D:3)
  Purgy (Sewer)
  2 orc warriors (D:7)
  A black bear (D:6)
  3 ogres
  3 centaurs
  2 scorpions
  2 bullfrog zombies
  A centaur skeleton (D:7)
  3 orc priests
  A hound (D:7)
  2 iguanas
  5 orc wizards
  A bullfrog skeleton (D:4)
  9 worker ants
  A worker ant zombie (D:5)
  9 adders
  3 shadow imps (D:7)
  An adder zombie (D:5)
  An adder skeleton (D:7)
  2 dart slugs (D:1)
  8 leopard geckos
  26 orcs
  12 giant cockroaches
  4 goblins
  7 hobgoblins
  13 jackals
  4 quokkas
  4 ball pythons
  4 bats
  10 frilled lizards
  3 kobolds
  A leopard gecko skeleton (D:4)
  2 quokka zombies
  2 rats
160 creatures vanquished.

Notes
Turn   | Place    | Note
-------+----------+-------------------------------------------
     0 | D:1      | mcbry the Troll Monk began the quest for the Orb.
     0 | D:1      | Reached XP level 1. HP: 22/22 MP: 0/0
   105 | D:1      | Reached XP level 2. HP: 27/29 MP: 1/1
   444 | D:2      | Reached XP level 3. HP: 35/36 MP: 2/2
   659 | D:2      | Reached skill level 4 in Unarmed Combat
   748 | D:2      | Reached XP level 4. HP: 44/44 MP: 3/3
  1141 | D:3      | Found a stormy altar of Qazlal.
  1143 | D:3      | Noticed Wendigo's ghost (amateur DsAK)
  1284 | D:3      | Killed Wendigo's ghost
  1284 | D:3      | Reached XP level 5. HP: 34/53 MP: 4/4
  1333 | D:3      | Became a worshipper of Qazlal Stormbringer
  1333 | D:3      | Reached * piety under Qazlal
  1333 | D:3      | Reached ** piety under Qazlal
  1399 | D:3      | Found a blossoming altar of Fedhas.
  1440 | D:3      | Noticed a centaur
  1448 | D:3      | Killed a centaur
  1448 | D:3      | Reached skill level 5 in Unarmed Combat
  1448 | D:3      | Reached XP level 6. HP: 35/61 MP: 5/5
  1592 | D:3      | Learned a level 1 spell: Corona
  2528 | D:5      | Entered Level 5 of the Dungeon
  2536 | D:5      | Reached XP level 7. HP: 60/67 MP: 6/6
  2732 | D:5      | Reached skill level 6 in Unarmed Combat
  3794 | D:6      | Reached skill level 7 in Unarmed Combat
  3803 | D:6      | Reached XP level 8. HP: 59/75 MP: 8/8
  3844 | D:6      | Found a glowing drain.
  3995 | Sewer    | Entered a sewer
  4017 | Sewer    | Noticed Purgy
  4020 | Sewer    | Killed Purgy
  4020 | Sewer    | Reached *** piety under Qazlal
  4356 | D:6      | Got a shimmering shortbow
  4357 | D:6      | Identified the +7 shortbow of Wyrd {venom, Int+4} (You found it on level 6 of the Dungeon)
  4387 | D:6      | Reached skill level 8 in Unarmed Combat
  4656 | D:7      | Found a staircase to the Ecumenical Temple.
  4749 | D:7      | Reached skill level 5 in Dodging
  4749 | D:7      | Reached skill level 1 in Invocations
  5019 | D:7      | Noticed grindst0ne's ghost (novice MiBe)
  5030 | D:7      | Killed grindst0ne's ghost
  5030 | D:7      | Reached skill level 9 in Unarmed Combat
  5030 | D:7      | Reached XP level 9. HP: 35/84 MP: 9/9
  5487 | D:7      | Found an iron altar of Okawaru.
  5487 | D:7      | Found a hazy altar of Hepliaklqana.
  5492 | D:7      | Found a basalt altar of Yredelemnul.
  5494 | D:7      | Found a deep blue altar of Sif Muna.
  5495 | D:7      | Found an ancient bone altar of Kikubaaqudgha.
  5852 | D:7      | Found a runed door.
  5855 | D:7      | Found a runed door.
  5855 | D:7      | Noticed a catoblepas
  5869 | D:7      | Killed a catoblepas
  5869 | D:7      | Reached skill level 10 in Unarmed Combat
  5941 | D:7      | Found a blossoming altar of Fedhas.
  6018 | D:7      | Noticed a centaur warrior
  6026 | D:7      | Killed a centaur warrior
  6026 | D:7      | Reached skill level 5 in Fighting
  6026 | D:7      | Reached skill level 11 in Unarmed Combat
  6026 | D:7      | Reached XP level 10. HP: 74/96 MP: 11/11
  6035 | D:7      | Noticed a tengu warrior
  6039 | D:7      | Noticed a deep elf mage
  6042 | D:7      | Killed a tengu warrior
  6043 | D:7      | Noticed a manticore
  6044 | D:7      | Noticed a red very ugly thing
  6047 | D:7      | Noticed an ice dragon
  6115 | D:7      | Mangled by a red very ugly thing

Vault maps used:
D:1:      elethiomel_arrival_maze, kennysheep_decorative_pillar
D:3:      lemuel_crystal_altar, first_bread, fedhas_altar_1
D:6:      gup_sewer_entry_pipe
D:7:      minmay_the_grid_triangle_9x9_line_8,
          chequers_temple_overflow_minitemple, temple_green, grunt_ogre_cave
Sewer:    sewer_co_purgy_island

Skill      XL: |  1  2  3  4  5  6  7  8  9 10 |
---------------+-------------------------------+-----
Unarmed Combat | 4 5 7 9 11 | 11.3
Fighting       | 3 4 5 |  5.2
Dodging        | 3 4 5 |  5.8
Invocations    | 2 3 4 |  4.2
Stealth        | |  1.7
Spellcasting   | |  0.9
Hexes          | |  0.5
Evocations     | |  0.3

Action                   |  1- 3 |  4- 6 |  7- 9 | 10-12 || total
-------------------------+-------+-------+-------+-------++-------
Melee: Unarmed           |   103 |   124 |   228 |    20 ||   475
       Punch             |     1 |     3 |     8 |     2 ||    14
 Cast: Corona            |       |     2 |       |       ||     2
Invok: Upheaval          |       |       |     9 |     3 ||    12
Evoke: Wand              |       |     1 |       |       ||     1
  Use: Potion            |       |     8 |     7 |       ||    15
       Scroll            |       |     2 |    13 |     2 ||    17
 Stab: Sleeping          |     4 |     2 |       |       ||     6
       Invisible         |       |     4 |       |       ||     4
  Eat: Meat ration       |     1 |       |     2 |       ||     3
       Chunk             |     1 |    12 |    21 |       ||    34
       Bread ration      |       |     1 |       |       ||     1
       Royal jelly       |       |       |     1 |       ||     1
Armor: Robe              |    51 |    68 |    33 |     3 ||   155
Dodge: Dodged            |    89 |   122 |    91 |    15 ||   317
Block: Other             |       |     6 |    21 |     2 ||    29
